 Dungeon Crawl Stone Soup version 0.25.0-15-gac7dcb8919 (webtiles) character file.

Game seed: 852605012242439821

105 protoss039 the Magician (level 4, -4/24 HPs)
             Began as a Deep Elf Air Elementalist on June 30, 2020.
             Slain by Duvessa
             ... wielding a +0 short sword
              (7 damage)
             ... on level 4 of the Dungeon.
             The game lasted 00:07:17 (2324 turns).

protoss039 the Magician (Deep Elf Air Elementalist) Turns: 2324, Time: 00:07:18

Health: -4/24      AC:  6    Str:  3 (5)  XL:     4   Next: 54%
Magic:  9/12       EV: 13    Int: 20 (21) God:
Gold:   78         SH:  0    Dex: 13 (15) Spells: 6/12 levels left

rFire    . . .     SeeInvis .   l - +2 dagger (elec)
rCold    . . .     Gourm    .   (no shield)
rNeg     . . .     Faith    .   a - +0 robe
rPois    .         Spirit   .   (no helmet)
rElec    .         Reflect  .   q - +0 cloak
rCorr    .         Harm     .   i - +2 pair of gloves
MR       .....                  (no boots)
Stlth    ++........             (no amulet)
HPRegen  0.08/turn              (no ring)
MPRegen  0.13/turn              (no ring)

@: lethally poisoned (-4 -> -21), hasted, very quick
A: no striking features
a: no special abilities


You were on level 4 of the Dungeon.
You were not hungry.

You visited 1 branch of the dungeon, and saw 4 of its levels.

You collected 78 gold pieces.

Inventory:

Hand Weapons
 d - a +3 quarterstaff of chaos
 l - a +2 dagger of electrocution (weapon)
 p - a cursed -1 spear
 r - a +1 hand axe of freezing
Armour
 a - a +0 robe (worn)
 i - a +2 pair of gloves (worn)
 q - a +0 cloak (worn)
Jewellery
 j - a +6 ring of dexterity {unknown}
Wands
 m - a wand of enslavement (11)
Scrolls
 h - 6 scrolls of identify {unknown}
 k - 2 scrolls of teleportation {unknown}
 n - a scroll of remove curse {unknown}
Potions
 e - a potion of lignification {unknown}
 f - a potion of haste
 g - a potion of cancellation {unknown}
 o - a potion of flight {unknown}
Comestibles
 c - 3 rations
 s - 6 chunks of flesh


   Skills:
 - Level 2.4 Dodging
 - Level 2.4 Stealth
 * Level 4.6 Spellcasting
 + Level 1.9 Conjurations
 * Level 4.3 Air Magic


You had 6 spell levels left.
You knew the following spells:

 Your Spells              Type           Power        Failure   Level  Hunger
a - Shock                 Conj/Air       ###.         3%          1    None
b - Swiftness             Chrm/Air       ##......     8%          2    #......
c - Static Discharge      Conj/Air       ###.....     10%         3    ##.....

Your spell library contained the following spells:

 Spells                   Type           Power        Failure   Level  Hunger
 Airstrike                Air            ###.......   21%         4    ####...
 Lightning Bolt           Conj/Air       ###.......   67%         5    ######.


Dungeon Overview and Level Annotations

Branches:
Dungeon (4/15)
 Temple: D:4-7

Altars:
Ashenzari
Elyvilon
Fedhas
Okawaru

Annotations:
D:2 Terence
D:4 Dowan, Duvessa


Message History

You resist with some effort.
Dowan mumbles some strange words.
Dowan blinks!
Duvessa hits you but does no damage. Dowan completely misses you.
Dowan hits you with a +2 dagger of venom.
* * * LOW HITPOINT WARNING * * *
You are lethally poisoned!
Duvessa closely misses you.
It was a potion of degeneration.
There was something very wrong with that liquid.
You feel weakened.
You feel dopey.
You feel clumsy.
* * * LOW HITPOINT WARNING * * *
You feel sick. Duvessa hits you with a +0 short sword.
* * * LOW HITPOINT WARNING * * *
Dowan hits you but does no damage.
You are more poisoned.
It was a potion of haste.
You feel yourself speed up.
* * * LOW HITPOINT WARNING * * *
You feel sick. Duvessa hits you with a +0 short sword!
You die...

#+### +_'.#########
#'#.........#
#e.#########.# #.#
#.# ##+# #.# ##...##
####e# ##.....##
#..e@# ##.......##
#.#.##
#.........###....###
+.........'..........
#.........###....####
#...(...## #.#.##
##.[.).## #.##..
####.).## #.# .##
.####)## #.# .#


You could see Duvessa (fast) and Dowan.

Vanquished Creatures
  Crazy Yiuf (D:3)
  An ooze (D:2)
  2 worms (D:3)
  3 leopard geckos (D:2)
  7 orcs
  A giant cockroach (D:1)
  6 goblins
  4 hobgoblins
  3 jackals (D:1)
  A quokka (D:4)
  8 bats
  A frilled lizard (D:1)
  9 kobolds
  8 rats
55 creatures vanquished.

Notes
Turn   | Place    | Note
-------+----------+-------------------------------------------
     0 | D:1      | protoss039 the Deep Elf Air Elementalist began the quest
                  | for the Orb.
     0 | D:1      | Reached XP level 1. HP: 10/10 MP: 6/6
   235 | D:1      | Reached XP level 2. HP: 12/15 MP: 5/8
   842 | D:2      | Learned a level 2 spell: Swiftness
   844 | D:2      | Reached XP level 3. HP: 19/19 MP: 5/10
   849 | D:2      | Learned a level 3 spell: Static Discharge
  1127 | D:2      | Found a shattered altar of Ashenzari.
  1410 | D:3      | Noticed Terence
  1958 | D:3      | Found an iron altar of Okawaru.
  1958 | D:3      | Found a white marble altar of Elyvilon.
  2058 | D:3      | Found a runed translucent door.
  2059 | D:3      | Noticed Crazy Yiuf
  2068 | D:3      | Killed Crazy Yiuf
  2068 | D:3      | Reached XP level 4. HP: 22/24 MP: 3/12
  2302 | D:4      | Found a blossoming altar of Fedhas.
  2304 | D:4      | Noticed Duvessa
  2304 | D:4      | Noticed Dowan
  2324 | D:4      | Slain by Duvessa

Illustrated notes

Levels and vault maps discovered:
D:1:      tarquinn_simple_flora_water_c, layout_rooms
D:2:      layout_rooms, ashenzari_altar_1, st_stairs_1
D:3:      layout_basic, chequers_temple_overflow_statue_of_worship,
          uniq_crazy_yiuf_cottage, uniq_terence, uniq_grinder
D:4:      layout_loops_corners, grunt_dithmenos_shadows, lemuel_round_altar,
          kennysheep_mini, serial_shops, shop, first_ration, uniq_duvessa

Skill      XL: |  1  2  3 |
---------------+----------+-----
Air Magic      | 4 |  4.3
Spellcasting   | 4 |  4.6
Dodging        | |  2.4
Stealth        | |  2.4
Conjurations   | |  1.9

Action                   |  1- 3 |  4- 6 || total
-------------------------+-------+-------++-------
Melee: Unarmed           |     3 |       ||     3
       Dagger            |     1 |       ||     1
 Cast: Shock             |   102 |    16 ||   118
       Swiftness         |     1 |       ||     1
       Static Discharge  |     1 |       ||     1
  Use: Potion            |       |     2 ||     2
  Eat: Chunk             |     3 |     1 ||     4
Armor: Robe              |    10 |     3 ||    13
Dodge: Dodged            |    16 |     8 ||    24
